Map: [ESL] Oceanborn

Players

DRG - Winner!

  • Race: Zerg Zerg
  • Spawn Location: 11:00

Reaper

  • Race: Zerg Zerg
  • Spawn Location: 5:00

Event: ESL SC2 Masters 2023 Winter (Finals)

VOD

Have the link to the VOD?

Description

Time

  • Played on: Dec. 15, 2023, 11:15 a.m.
  • Length: 10:22

All games in this series

Show
View Real Time Build Order
Export as new Build Order

DRG Zerg - Winner!

Build Orders: Hatch First 

Get SALT Encoding   

  12  0:00  Drone  
  13  0:07  Drone  
  14  0:14  Extractor  
  14  0:15  Drone  
  15  0:36  Hatchery  
  15  0:40  Extractor  
  15  0:41  Drone  
  15  0:47  Overlord  
  15  1:02  Spawning Pool  
  14  1:05  Drone  
  14  1:09  Drone  
  16  1:12  Drone  
  16  1:17  Drone  
  18  1:28  Drone  
  18  1:31  Extractor  
  18  1:38  Drone  
  19  1:49  Queen x2  
  19  1:50  Drone  
  19  1:51  Drone  
  26  2:01  Zergling x4  
  27  2:11  Spine Crawler  
  27  2:13  Zergling x4  
  27  2:36  Overlord  
  27  2:42  Queen  
  27  2:43  Zergling x2  
  27  2:46  Overlord  
  27  2:47  Zergling x2  
  27  2:50  Spine Crawler  
  27  2:58  Metabolic Boost  
  27  3:06  Drone  
  27  3:09  Zergling x4  
  30  3:13  Baneling Nest  
  30  3:14  Drone  
  30  3:39  Drone, Hatchery  
  28  3:43  Drone  
  28  3:47  Drone  
  30  3:52  Drone x2  
  30  3:54  Drone  
  33  3:57  Baneling  
  33  3:59  Drone  
  34  4:07  Overlord  
  34  4:19  Roach Warren  
  34  4:21  Drone x3  
  36  4:26  Overlord  
  36  4:31  Drone  
  37  4:39  Overlord  
  37  4:44  Spine Crawler  
  36  4:48  Spine Crawler  
  34  4:59  Roach x3  
  40  5:00  Roach  
  40  5:03  Roach  
  40  5:06  Baneling x2  
  44  5:09  Roach  
  44  5:10  Baneling  
  46  5:17  Roach  
  46  5:18  Zergling x4  
  49  5:31  Zergling x10  
  49  5:34  Roach  
  53  5:39  Roach  
  55  5:43  Overlord  
  55  5:46  Queen  
  55  5:49  Overlord  
  57  5:53  Overlord  
  57  5:58  Roach  
  59  6:08  Drone x4  
  62  6:20  Roach x2  
  64  6:27  Extractor  
  64  6:29  Overlord  
  64  6:30  Extractor  
  64  6:33  Roach  
  64  6:36  Overlord  
  64  6:39  Overlord  
  64  6:46  Overlord  
  63  6:52  Drone x5  
  68  6:59  Roach  
  68  7:07  Lair  
  68  7:09  Drone x7  
  68  7:12  Extractor, Evolution Chamber  
  73  7:20  Roach  
  73  7:22  Roach x2  
  77  7:32  Overlord  
  77  7:35  Roach x3  
  83  7:37  Roach  
  83  7:41  Roach  
  83  7:43  Roach  
  89  7:45  Roach  
  89  7:48  Roach  
  95  7:51  Roach  
  95  8:04  Overlord  
  95  8:06  Glial Reconstitution  
  91  8:18  Zerg Missile Weapons Level 1  
  91  8:22  Roach x4  
  91  8:25  Roach  
  101  8:27  Overlord  
  101  8:34  Roach x3  
  101  8:39  Roach  
  95  8:42  Overseer, Roach  
  95  8:44  Roach  
  97  8:50  Roach x2  
  97  8:54  Roach  
  103  9:05  Queen x2  
  107  9:13  Spore Crawler  
  107  9:14  Spore Crawler  
  105  9:19  Roach x2  
  109  9:27  Roach x2  
  113  9:36  Roach x3  
  109  9:41  Roach x2  
  105  9:47  Roach  
  105  9:48  Roach  
  105  9:54  Roach  
  105  9:55  Roach  
  105  9:58  Roach  
  103  10:02  Roach  
Show
View Real Time Build Order
Export as new Build Order

Reaper Zerg 

Build Orders: 1 Base Baneling Bust, Pool First 

Get SALT Encoding   

  12  0:00  Drone  
  13  0:14  Extractor  
  12  0:23  Spawning Pool  
  11  0:28  Drone  
  11  0:33  Drone  
  13  0:38  Drone  
  14  0:50  Overlord  
  14  1:10  Zergling x2  
  14  1:11  Zergling x4  
  16  1:14  Metabolic Boost  
  17  1:22  Zergling x2  
  18  1:33  Zergling x2  
  18  1:34  Baneling Nest  
  18  1:44  Zergling x2  
  19  1:49  Queen  
  21  1:59  Overlord  
  21  2:06  Zergling x2  
  22  2:18  Baneling x2  
  22  2:20  Zergling x2  
  23  2:29  Zergling x2  
  21  2:44  Drone  
  21  2:49  Drone  
  23  2:56  Hatchery  
  22  3:02  Baneling  
  22  3:03  Baneling  
  22  3:05  Drone  
  23  3:14  Drone x2  
  25  3:23  Drone  
  26  3:38  Overlord  
  24  3:41  Drone  
  24  3:43  Drone  
  24  3:45  Roach Warren  
  25  3:49  Overlord  
  25  4:25  Roach x7  
  39  4:33  Overlord  
  39  4:34  Zergling x2  
  39  4:38  Zergling x2  
  41  4:43  Zergling x2  
  41  4:44  Zergling x2  
  43  4:46  Zergling x2  
  44  4:53  Zergling x4  
  44  4:59  Zergling x2  
  47  5:05  Zergling x4  
  47  5:06  Baneling x2  
  49  5:07  Baneling  
  49  5:09  Baneling  
  49  5:11  Baneling  
  49  5:16  Zergling x2  
  49  5:17  Baneling  
  50  5:22  Zergling x2  
  49  5:32  Zergling x2  
  49  5:33  Zergling x6  
  52  5:36  Zergling x2  
  52  5:39  Zergling x2  
  54  5:46  Ravager  
  54  5:47  Zergling x2  
  56  5:54  Zergling x2  
  57  6:00  Zergling x2  
  58  6:05  Zergling x4  
  60  6:14  Zergling x2  
  60  6:15  Zergling x4  
  56  6:22  Drone  
  56  6:23  Drone  
  53  6:28  Drone  
  53  6:29  Queen  
  53  6:30  Drone  
  57  6:38  Drone x2  
  58  6:51  Lair  
  58  6:53  Overlord  
  58  6:54  Extractor  
  57  7:08  Overlord x2  
  57  7:22  Overlord  
  57  7:25  Overlord  
  57  7:29  Drone x6  
  63  7:36  Drone x2  
  65  7:37  Drone  
  66  7:51  Spire  
  66  7:52  Drone  
  66  7:53  Drone  
  67  8:00  Roach x2  
  67  8:05  Roach x2  
  74  8:07  Roach  
  75  8:14  Roach x2  
  75  8:19  Roach x2  
  81  8:25  Overlord  
  77  8:40  Drone x7  
  76  8:42  Drone  
  76  8:45  Extractor  
  76  8:48  Extractor  
  75  9:02  Mutalisk x2  
  75  9:08  Spine Crawler x2  
  77  9:10  Mutalisk, Spine Crawler  
  77  9:12  Overlord  
  78  9:19  Spine Crawler  
  78  9:22  Overlord, Spine Crawler  
  76  9:27  Roach  
  78  9:35  Roach x3  
  77  9:40  Roach  
  77  9:43  Roach  
  63  9:47  Mutalisk  
  63  9:53  Mutalisk  
Tags
 
Add a new tag
Caveats
  • Supply blocks, unpowered buildings, or Contaminate may cause inaccurate times.
  • Supply counts are checked every 10 seconds.